 Dungeon Sprint DCSS version 0.20.1-1-g8b1a95d (webtiles) character file.

7511 mmigdal the Brawler (level 10, 0/114 HPs)
             Began as a Troll Berserker on Oct 28, 2017.
             Was a High Priest of Trog.
             Slain by a 12-headed hydra (12 damage)
             ... while paralysed by a floating eye
             ... in the Dungeon (Sprint I: "Red Sonja").
             The game lasted 00:10:30 (1035 turns).

mmigdal the Brawler (Troll Berserker)               Turns: 1035, Time: 00:10:31

Health: 0/114      AC:  7    Str: 30      XL:     10   Next: 95%
Magic:  6/6        EV:  1    Int: -1      God:    Trog [*****.]
Gold:   995        SH:  0    Dex:  8 (9)  Spells: 9/9 levels left

rFire    . . .     SeeInvis .     - Unarmed
rCold    . . .     Gourm    +   (no shield)
rNeg     + . .     Faith    .   m - +0 troll leather armour
rPois    .         Spirit   .   (helmet restricted)
rElec    .         Reflect  .   (no cloak)
rCorr    .         Harm     .   (gloves unavailable)
MR       .....     Rnd*Rage +   (boots unavailable) Stlth +.........NoTele +
                                (no amulet)
Regen    1.1/turn               q - ring of positive energy
MPRegen  0.1/turn               (no ring)

@: paralysed, slowed, lost intelligence
A: unfitting armour, claws 3, berserk 1, deterioration 2, dopey 2, fast
metabolism 3, gourmand, low mp 3, regeneration 1, shaggy fur 1, tough skin 2
a: Berserk, Trog's Hand, Brothers in Arms, Burn Spellbooks, Renounce Religion


You were in the Dungeon.
You worshipped Trog.
Trog was extremely pleased with you.
You were very full.

You visited 1 branch You collected 995 gold pieces.

Inventory:

Hand Weapons
 l - a +0 blowgun
Missiles
 c - 4 silver javelins (quivered)
 j - 4 curare-tipped needles
Armour
 a - a +1 animal skin
 m - a +0 troll leather armour (worn)
Jewellery
 q - a ring of positive energy (left claw)
Wands
 i - a wand of random effects (35/48)
Scrolls
 h - a scroll of blinking
Potions
 d - a potion of heal wounds
 e - a potion of haste
 f - 2 potions of magic
 g - a potion of berserk rage
 n - 2 potions of curing
Comestibles
 b - 2 bread rations
 k - a royal jelly
 o - 4 chunks of flesh
 p - 2 fruits


   Skills:
 + Level 11.6 Fighting
 + Level 2.6 Armour
 + Level 12.1 Dodging
 + Level 1.3 Stealth
 + Level 16.9 Unarmed Combat
 + Level 0.1 Evocations


You had 9 spell levels left.
You didn't know any spells.

Dungeon Overview and Level Annotations

Branches:
Dungeon (1/1)

Altars:
Cheibriados
Dithmenos
Elyvilon
Fedhas
Gozag
Hepliaklqana
Kikubaaqudgha
Makhleb
Nemelex Xobeh
Okawaru
Qazlal
Ru
Sif Muna
Trog
Uskayaw
Vehumet
Xom
Yredelemnul
Zin
The Shining One
Jiyva
Lugonu

Shops:
D [([


Innate Abilities, Weirdness & Mutations

You are too large for most types of armour.
You have claws for hands.
Your metabolism is lightning-fast.
You like to eat raw meat.
Your natural rate of healing is unusually fast.
You are covered in fur. (AC +1)
You have very tough skin. (AC +2)
You tend to lose your temper in combat.
Your body often deteriorates upon taking damage.
You are very dopey. (Int -4)
Your magical capacity is extremely low. (-30% MP)


Message History

The floating eye seems to glare at you.
The 12-headed hydra bites you. x2; The 12-headed hydra bites you! x2
The 12-headed hydra bites you but does no damage.
The 12-headed hydra bites you! The 12-headed hydra bites you.
The 12-headed hydra bites you but does no damage. x2
The 12-headed hydra bites you!
Your body deteriorates!
You feel clumsy. The 12-headed hydra barely misses you.
The 12-headed hydra bites you!
The 12-headed hydra bites you. x2; The 12-headed hydra bites you!
* * * LOW HITPOINT WARNING * * *
The 12-headed hydra bites you but does no damage. x3
The 12-headed hydra bites you.
* * * LOW HITPOINT WARNING * * *
The 12-headed hydra bites you!
* * * LOW HITPOINT WARNING * * *
The 12-headed hydra bites you.
* * * LOW HITPOINT WARNING * * *
The 12-headed hydra bites you but does no damage.
The 12-headed hydra bites you!
You die...

#########################
..)...#()#§§.)§§@G§§DD.$#
..#...##'#§####§§D§§##$.+
###...%..#.# ##§§§## ##
#####..'.# ###+# #+####
## .###


You could see a 12-headed hydra and a floating eye.

Vanquished Creatures
  Sonja (D)
  A deep troll (D)
  A lindwurm (D)
  4 shining eyes (D)
  2 demonic crawlers (D)
  2 kobold demonologists (D)
  A slime creature (D)
  Sigmund (D)
  A yak (D)
  13 hogs (D)
  2 floating eyes (D)
  An ogre (D)
  A jelly (D)
  Ijyb (D)
  2 ballistomycetes (D)
  A ballistomycete spore (D)
35 creatures vanquished.

Vanquished Creatures (collateral kills)
  4 shining eyes (D)
  2 demonic crawlers (D)
  3 floating eyes (D)
9 creatures vanquished.

Vanquished Creatures (others)
  A ballistomycete spore (D)
1 creature vanquished.

Grand Total: 45 creatures vanquished

Notes
Turn   | Place    | Note
-------+----------+-------------------------------------------
     0 | D        | mmigdal the Troll Berserker began the quest for the Orb.
     0 | D        | Reached XP level 1. HP: 22/22 MP: 0/0
     2 | D        | Noticed Ijyb
    13 | D        | Killed Ijyb
    13 | D        | Reached skill level 4 in Unarmed Combat
    13 | D        | Reached XP level 2. HP: 31/31 MP: 1/1
    19 | D        | Noticed an ogre
    22 | D        | Killed an ogre
    22 | D        | Reached skill level 6 in Unarmed Combat
    22 | D        | Reached XP level 3. HP: 41/41 MP: 2/2
    22 | D        | Reached XP level 4. HP: 49/49 MP: 3/3
    72 | D        | Noticed Sigmund
    90 | D        | Killed Sigmund
    90 | D        | Reached ** piety under Trog
    90 | D        | Reached skill level 8 in Unarmed Combat
    90 | D        | Reached XP level 5. HP: 11/59 MP: 4/4
    90 | D        | Reached XP level 6. HP: 12/67 MP: 5/5
   178 | D        | Found a burning altar of Makhleb.
   178 | D        | Found a viscous altar of Jiyva.
   178 | D        | Found a shimmering altar of Xom.
   178 | D        | Found a corrupted altar of Lugonu.
   178 | D        | Noticed a slime creature
   183 | D        | Killed a slime creature
   183 | D        | Reached skill level 9 in Unarmed Combat
   228 | D        | Found a deep blue altar of Sif Muna.
   230 | D        | Found a radiant altar of Vehumet.
   265 | D        | Found Egyips's Weapon Emporium.
   265 | D        | Found an ancient bone altar of Kikubaaqudgha.
   265 | D        | Found a hazy altar of Hepliaklqana.
   265 | D        | Found a stormy altar of Qazlal.
   265 | D        | Found a hide-covered altar of Uskayaw.
   265 | D        | Found a blossoming altar of Fedhas.
   265 | D        | Found a bloodstained altar of Trog.
   265 | D        | Found an iron altar of Okawaru.
   265 | D        | Found a basalt altar of Yredelemnul.
   265 | D        | Found a glowing golden altar of the Shining One.
   265 | D        | Found a snail-covered altar of Cheibriados.
   265 | D        | Found a sacrificial altar of Ru.
   265 | D        | Found a glowing silver altar of Zin.
   265 | D        | Found a shadowy altar of Dithmenos.
   265 | D        | Found a white marble altar of Elyvilon.
   265 | D        | Noticed a yak
   272 | D        | Killed a yak
   272 | D        | Reached *** piety under Trog
   272 | D        | Reached skill level 10 in Unarmed Combat
   272 | D        | Reached XP level 7. HP: 78/78 MP: 6/6
   274 | D        | Found an opulent altar of Gozag.
   275 | D        | Found a sparkling altar of Nemelex Xobeh.
   299 | D        | Noticed a kobold demonologist
   300 | D        | Noticed a kobold demonologist
   300 | D        | Paralysed by a floating eye for 2 turns
   303 | D        | Noticed a sixfirhy
   306 | D        | Noticed an orange demon
   307 | D        | Killed a kobold demonologist
   307 | D        | Reached skill level 11 in Unarmed Combat
   310 | D        | Killed a kobold demonologist
   310 | D        | Reached **** piety under Trog
   310 | D        | Reached XP level 8. HP: 89/89 MP: 7/7
   383 | D        | Noticed Sonja
   396 | D        | Killed Sonja
   396 | D        | Received a gift from Trog
   396 | D        | Reached skill level 12 in Unarmed Combat
   599 | D        | Noticed a deep troll
   607 | D        | Killed a deep troll
   607 | D        | Reached skill level 10 in Dodging
   607 | D        | Reached skill level 13 in Unarmed Combat
   607 | D        | Reached XP level 9. HP: 78/100 MP: 8/8
   641 | D        | Found Gaan's Armour Emporium.
   667 | D        | Identified a scroll of acquirement
   678 | D        | Found Josh's Armour Boutique.
   688 | D        | Noticed a shining eye
   688 | D        | Noticed a shining eye
   688 | D        | Noticed a shining eye
   688 | D        | Gained mutation: You are dopey. (Int -2) [a shining eye]
   691 | D        | Noticed a shining eye
   692 | D        | Gained mutation: Your body sometimes deteriorates upon taking damage. [a shining eye]
   697 | D        | Gained mutation: Your magical capacity is low. (-10% MP) [a shining eye]
   698 | D        | Killed a shining eye
   698 | D        | Reached skill level 10 in Fighting
   698 | D        | Gained mutation: You tend to lose your temper in combat. [a shining eye]
   698 | D        | Gained mutation: Your magical capacity is very low. (-20% MP) [a shining eye]
   700 | D        | Noticed a shining eye
   700 | D        | Noticed a shining eye
   700 | D        | Killed a shining eye
   700 | D        | Lost intelligence.
   700 | D        | Gained mutation: You are very dopey. (Int -4) [a shining eye]
   700 | D        | Gained mutation: Your body often deteriorates upon taking damage. [a shining eye]
   702 | D        | Killed a shining eye
   702 | D        | Reached skill level 14 in Unarmed Combat
   705 | D        | Killed a shining eye
   705 | D        | Reached ***** piety under Trog
   706 | D        | Killed a shining eye
   708 | D        | Gained mutation: You are robust. (+10% HP) [a shining eye]
   709 | D        | Killed a shining eye
   709 | D        | Reached XP level 10. HP: 122/122 MP: 7/7
   712 | D        | Noticed a shining eye
   712 | D        | Noticed a shining eye
   713 | D        | Gained mutation: Your magical capacity is extremely low. (-30% MP) [a shining eye]
   713 | D        | Lost mutation: You are robust. (+10% HP) [a shining eye]
   718 | D        | Killed a shining eye
   718 | D        | Reached skill level 15 in Unarmed Combat
   719 | D        | Killed a shining eye
   719 | D        | Received a gift from Trog
   910 | D        | Reached skill level 1 in Armour
   934 | D        | Noticed a lindwurm
   937 | D        | Killed a lindwurm
   951 | D        | Reached skill level 16 in Unarmed Combat
   956 | D        | Received a gift from Trog
   960 | D        | Reached skill level 1 in Stealth
   975 | D        | Reached ****** piety under Trog
   975 | D        | Received a gift from Trog
  1028 | D        | Noticed a 12-headed hydra
  1032 | D        | Paralysed by a floating eye for 4 turns
  1035 | D        | Slain by a 12-headed hydra

Skill      XL: |  1  2  3  4  5  6  7  8  9 10 |
---------------+-------------------------------+-----
Fighting       | 3 4 6 7 8 9 10 11 | 11.6
Dodging        | 3 4 6 8 9 10 11 12 | 12.1
Unarmed Combat | 4 6 8 10 11 13 14 16 | 16.9
Armour         | 2 |  2.6
Stealth        | 1 |  1.3
Evocations     | |  0.1

Action                   |  1- 3 |  4- 6 |  7- 9 | 10-12 || total
-------------------------+-------+-------+-------+-------++-------
Melee: Unarmed           |    12 |    29 |    34 |    42 ||   117
       Punch             |       |     2 |     1 |     7 ||    10
Invok: Berserk           |     1 |     1 |     4 |       ||     6
       Brothers in Arms  |       |       |     2 |     2 ||     4
Evoke: Wand              |       |       |     1 |       ||     1
  Use: Scroll            |       |       |     4 |       ||     4
       Potion            |       |       |     1 |       ||     1
 Stab: Distracted        |       |       |       |     1 ||     1
  Eat: Chunk             |       |     9 |     3 |    11 ||    23
Armor: Animal skin       |     6 |     3 |     3 |       ||    12
       Troll leather arm |       |       |       |    12 ||    12
Dodge: Dodged            |     4 |     4 |    12 |    25 ||    45
